 Dungeon Sprint DCSS version 0.20-a0-1043-gbd57889 (webtiles) character file.

0 Krakonus1 the Ducker (level 1, -1/10 HPs)
             Began as a Felid Fighter on Apr 25, 2017.
             Was an Initiate of Wu Jian.
             Killed from afar by Blork the orc (11 damage)
             ... with a puff of frost
             ... in the Dungeon (Sprint VI: "Thunderdome").
             The game lasted 00:02:11 (127 turns).

Krakonus1 the Ducker (Felid Fighter)                 Turns: 127, Time: 00:02:12

Health: -1/10      AC:  1    Str: 12    XL:     1   Next: 50%
Magic:  2/2        EV: 20    Int:  9    God:    Wu Jian [......]
Gold:   200        SH:  0    Dex: 15    Spells: 0/0 levels left
                                        Lives:  0   Deaths: 0

rFire    . . .     SeeInvis +     - Unarmed
rCold    . . .     Gourm    .   (shield unavailable)
rNeg     . . .     Faith    .   (armour unavailable)
rPois    .         Spirit   .   (helmet unavailable)
rElec    .         Reflect  .   (cloak unavailable)
rCorr    .         Harm     .   (gloves unavailable)
MR       .....     NoTele   +   (boots unavailable)
Stlth    ++........             (no amulet)
Regen    0.1/turn               (no ring)
MPRegen  0.1/turn               (no ring)

@: quick
A: no armour, no weapons or thrown items, stealth, claws 1, fangs 3, see
invisible, carnivore 3, speed 1, shaggy fur 1, slow metabolism 1, sharp paws
a: Renounce Religion


You were in the Dungeon.
You worshipped Wu Jian.
Wu Jian was noncommittal.
You were not hungry.

You visited 1 branch You collected 200 gold pieces.

Inventory:

Wands
 j - a wand of acid (5/15)
 k - a wand of iceblast (5/15)
Scrolls
 h - 4 scrolls of blinking
 l - 3 scrolls of fog
Potions
 a - a potion of might
 c - a potion of curing
 d - 4 potions of heal wounds
 e - 4 potions of haste
 f - 2 potions of magic
 g - a potion of berserk rage
 i - a potion of resistance
Comestibles
 b - a meat ration


   Skills:
 + Level 3.3 Fighting
 * Level 4.7 Dodging
 * Level 4.4 Unarmed Combat


You couldn't memorise any spells.
You didn't know any spells.

Dungeon Overview and Level Annotations

Branches:
Dungeon (1/1)

Altars:
Cheibriados
Dithmenos
Fedhas
Gozag
Kikubaaqudgha
Makhleb
Okawaru
Qazlal
Ru
Sif Muna
Trog
Uskayaw
Vehumet
Wu Jian
Xom
Yredelemnul
Zin
The Shining One
Beogh
Jiyva
Lugonu

Shops:
D *[%??*?*:[((!!!!

Annotations:
D Blork the orc


Innate Abilities, Weirdness & Mutations

You cannot wear armour.
You are incapable of wielding weapons or throwing items.
Your paws allow you to move quietly. (Stealth)
You have sharp claws.
You have razor-sharp teeth.
You have supernaturally acute eyesight. (SInv)
You are carnivorous and can eat meat at any time.
You cover ground quickly.
You are covered in fur. (AC +1)
You have a slow metabolism.
Your sharp claws are effective at attacking unaware monsters.


Message History

Blork the orc shouts! 50...
Okay, then.
You scratch Blork the orc but do no damage.
Blork the orc closely misses you.
You scratch Blork the orc.
Blork the orc is lightly wounded.
You barely miss Blork the orc.
Blork the orc is lightly wounded.
Blork the orc gestures at you while chanting.
The puff of flame misses you.
You scratch Blork the orc. You bite Blork the orc.
Blork the orc is moderately wounded.
Blork the orc misses you.
You claw Blork the orc!
Blork the orc is heavily wounded.
Blork the orc casts a spell at you. The puff of frost hits you!
Ouch! That really hurt!
You die...

#_......._ #_......._
#.........
###.........
#⌠).........
######.8.........
##∩___......###...
###∩........8.# #.8.
##..@..........###...
#⌠.o........###...###
#⌠..........# #.<.# #
#§..........###...###
##.............###...
###∩........8.# #.8.
##∩___......###...
######.8....)....
#⌠..........


You could see Blork the orc.

Vanquished Creatures
  2 orcs (D)
2 creatures vanquished.

Notes
Turn   | Place    | Note
-------+----------+-------------------------------------------
     0 | D        | Krakonus1 the Felid Fighter began the quest for the Orb.
     0 | D        | Reached XP level 1. HP: 10/10 MP: 2/2
     1 | D        | Found a snail-covered altar of Cheibriados.
     2 | D        | Found a blossoming altar of Fedhas.
     2 | D        | Found a corrupted altar of Lugonu.
     3 | D        | Found a stormy altar of Qazlal.
     3 | D        | Found a glowing silver altar of Zin.
     4 | D        | Found an ancient bone altar of Kikubaaqudgha.
     4 | D        | Found Nicsiol's Staff Store.
     4 | D        | Found Lyvuh's Magic Scroll Shop.
     5 | D        | Found Wafruemina's Must-Have Magic.
     5 | D        | Found Tievviam's Magic Scroll Shop.
     7 | D        | Found a basalt altar of Yredelemnul.
     7 | D        | Round 1.
     8 | D        | Found a roughly hewn altar of Beogh.
     9 | D        | Found a deep blue altar of Sif Muna.
    10 | D        | Found Exoeruc's Bee Food.
    14 | D        | Found Soelemn's Jewellery.
    15 | D        | Found Unolasin's Advanced Armour.
    16 | D        | Found a bloodstained altar of Trog.
    16 | D        | Found an opulent altar of Gozag.
    16 | D        | Found a viscous altar of Jiyva.
    16 | D        | Found Ybuimos's Identification Station.
    20 | D        | Found a sacrificial altar of Ru.
    21 | D        | Found a burning altar of Makhleb.
    23 | D        | Found a radiant altar of Vehumet.
    23 | D        | Found a shadowy altar of Dithmenos.
    24 | D        | Found a glowing golden altar of the Shining One.
    24 | D        | Found an iron altar of Okawaru.
    24 | D        | Found Ocraitaj's Premium Goods.
    24 | D        | Found Ufumutin's Weapon Rack.
    25 | D        | Found Guewas's Miscellaneous Merchandise.
    25 | D        | Found Quemoum's Basic Armour.
    27 | D        | Found a shimmering altar of Xom.
    29 | D        | Found a hide-covered altar of Uskayaw.
    30 | D        | Found Bupn's Do-It-Yourself Clinic.
    30 | D        | Found an ornate altar of the Wu Jian Council.
    30 | D        | Found Nirchazxo's Distillery.
    31 | D        | Found March's Bottled Wisdom.
    31 | D        | Found Mahorom's Distillery.
    38 | D        | Became a worshipper of the Wu Jian Council
   120 | D        | Noticed Blork the orc
   127 | D        | Killed from afar by Blork the orc

Vault maps used:
D:        arena_sprint

Action                   || total
-------------------------++-------
Melee: Unarmed           ||     8
       Bite              ||     1
Dodge: Dodged            ||     4
